 Dungeon Crawl Stone Soup version 0.20.1-1-g8b1a95d (webtiles) character file.

291 tidbits the Insei (level 5, -5/39 HPs)
             Began as a Demigod Transmuter on Aug 24, 2017.
             Slain by an ogre
             ... wielding a +0 giant club
              (21 damage)
             ... on level 5 of the Dungeon.
             The game lasted 00:13:16 (1368 turns).

tidbits the Insei (Demigod Transmuter)              Turns: 1368, Time: 00:13:16

Health: -5/39      AC:  2    Str: 13    XL:     5   Next: 83%
Magic:  6/10       EV: 19    Int: 19    God:
Gold:   137        SH:  0    Dex: 21    Spells: 2/8 levels left

rFire    . . .     SeeInvis +     - Unarmed
rCold    . . .     Gourm    .   (shield currently unavailable)
rNeg     . . .     Faith    .   (armour currently unavailable)
rPois    x         Spirit   .   (helmet currently unavailable)
rElec    .         Reflect  .   (cloak currently unavailable)
rCorr    .         Harm     .   (gloves currently unavailable)
MR       .....                  (boots currently unavailable)
Stlth    ++........             m - amulet of rage
Regen    0.2/turn               i - ring of see invisible
MPRegen  0.2/turn               (no ring)

@: spider-form
A: high mp 1
a: End Transformation, Evoke Berserk Rage


You were on level 5 of the Dungeon.
You were not hungry.
You were a venomous arachnid creature.
You visited 1 branch of the dungeon, and saw 6 of its levels.

You collected 137 gold pieces.

Inventory:

Hand Weapons
 l - a +4 quarterstaff of chaos
   (You took it off Crazy Yiuf on level 2 of the Dungeon)
Missiles
 a - 20 arrows
 e - 43 stones
 g - 4 javelins (quivered)
Armour
 B - a +0 robe (melded)
 C - a +1 cloak (melded)
Jewellery
 i - a ring of see invisible (left front leg)
   (You found it on level 3 of the Dungeon)
 m - an amulet of rage (around neck)
   (You found it on level 4 of the Dungeon)
Wands
 j - a wand of polymorph (16/24)
 q - a wand of confusion (19/48)
Scrolls
 r - 3 scrolls of remove curse
 t - a scroll of teleportation
 A - 2 scrolls of amnesia
Potions
 h - a potion of cancellation {unknown}
 k - a potion of flight {unknown}
 n - 2 potions of degeneration {unknown}
 p - a potion of brilliance {unknown}
Books
 c - a book of Changes

   Spells                             Type                      Level
   a - Beastly Appendage              Transmutation                1
   b - Sticks to Snakes               Transmutation                2
   c - Spider Form                    Transmutation/Poison         3
   d - Ice Form                       Ice/Transmutation            4
   e - Blade Hands                    Transmutation                5
 s - a book of Clouds
   (You found it on level 6 of the Dungeon)

   Spells                             Type                      Level
   a - Poisonous Vapours              Poison/Air                   2
   b - Mephitic Cloud                 Conjuration/Poison/Air       3
   c - Conjure Flame                  Conjuration/Fire             3
   d - Freezing Cloud                 Conjuration/Ice/Air          6
   e - Ring of Flames                 Charms/Fire                  7
Comestibles
 d - 2 bread rations
 f - a royal jelly
 o - a meat ration


   Skills:
 - Level 0.8 Fighting
 - Level 1.7 Dodging
 + Level 5.6 Unarmed Combat
 - Level 2.0 Spellcasting
 + Level 3.0 Transmutations


You had 2 spell levels left.
You knew the following spells:

 Your Spells              Type           Power        Failure   Level  Hunger
e - Beastly Appendage     Tmut           ##....       14%         1    #......
k - Sticks to Snakes      Tmut           ##......     21%         2    ###....
p - Spider Form           Tmut/Pois      #.........   47%         3    ###....


Dungeon Overview and Level Annotations

Branches:
Dungeon (6/15)
 Temple: D:4-7


Innate Abilities, Weirdness & Mutations

You have an increased reservoir of magic. (+10% MP)


Message History

The bullfrog is heavily wounded.
The bullfrog barely misses you.
You bite the bullfrog!
You kill the bullfrog!
You hit the hound zombie but do no damage.
The hound zombie barely misses you.
You hit the hound zombie.
The hound zombie is lightly damaged.
Your transformation is almost over.
The hound zombie barely misses you.
A jackal comes into view.
The jackal barks!
You bite the hound zombie!
The hound zombie is heavily damaged.
The hound zombie closely misses you.
You hit the hound zombie.
The hound zombie is severely damaged.
The hound zombie closely misses you.
You completely miss the hound zombie.
The hound zombie is severely damaged.
The hound zombie bites you. The hound zombie completely misses you.
A jackal comes into view.
You bite the hound zombie!
The hound zombie is almost destroyed.
The hound zombie barely misses you.
You barely miss the hound zombie.
The hound zombie is almost destroyed.
The hound zombie misses you. The jackal completely misses you.
You bite the hound zombie!
You destroy the hound zombie!
The jackal misses you.
You hit the jackal.
You kill the jackal!
You hit the jackal.
The jackal is poisoned.
The jackal is lightly wounded.
The jackal misses you.
You hit the jackal.
The jackal looks even sicker.
The jackal is moderately wounded.
You kill the jackal!
Your Transmutations skill increases to level 3!
Eat one of 2 chunks of flesh? (ye/n/q)
You eat one of the 2 chunks of flesh.
This raw flesh tastes terrible.
Your transformation has ended.
Your +1 cloak unmelds from your body.
Your +0 robe unmelds from your body.
Found a short silver wand.
a - 21 arrows (gained 18)
q - a wand of confusion (?/48)
You open the door.
There is an open door here.
An adder comes into view.
There is an open door here.
You open the door.
Found 6 gold pieces and a hardcover book. 2 orcs come into view.
The orc shouts!
An orc warrior comes into view. It is wielding a mace.
There is an open door here.
The orc shouts!
An orc comes into view. It is wielding a dagger.
The orc shouts!
The orc warrior shouts!
The orc hits you.
An ogre comes into view. It is wielding a giant club.
You see here 6 gold pieces.
The orc hits you.
You see here a book of Clouds.
s - a book of Clouds The orc misses you. x2
The orc hits you with a flail.
There is an open door here.
There is a stone staircase leading down here.
There is a stone staircase leading up here.
The ogre misses you.
You climb upwards.
There is a stone staircase leading down here.
The ogre barely misses you.
Casting: Spider Form
Confirm with . or Enter, or press ? or * to list all spells.
You create a snake!
You now have 20 arrows.
Your ball python bites the ogre.
Your ball python closely misses the ogre. x2
Your ball python barely misses the ogre.
All of the chunks of flesh in your inventory have rotted away.
Casting: Sticks to Snakes
Confirm with . or Enter, or press ? or * to list all spells.
You turn into a venomous arachnid creature.
Your +1 cloak melds into your body.
Your +0 robe melds into your body.
The ogre closely misses you.
Your ball python bites the ogre.
You bite the ogre!
The ogre looks as sick as possible!
The ogre is heavily wounded.
Your ball python bites the ogre.
The ogre hits you with a giant club!!
* * * LOW HITPOINT WARNING * * *
A crimson imp comes into view.
The crimson imp shouts!
Your ball python bites the ogre.
You barely miss the ogre.
The ogre is severely wounded.
The ogre hits you with a giant club!!
Ouch! That really hurt!
You die...

#.# #......### #.#
#......# #.#
#.....(# #.#
#......# #.#
#......# #.#
####.### #.# ##.###
#.#####....#####...
#........SOs..5....
#####........######
#.#....#.#
#.#.#.##.#
##.#.#....#
#....######
###..### #...##
#.###


You could see an ogre, a crimson imp and a friendly ball python.

Vanquished Creatures
  A bullfrog (D:6)
  A hound (D:3)
  Crazy Yiuf (D:2)
  A worker ant (D:3)
  The ghost of tidbits the Insei, a weakling DgTm (D:3)
  A hound zombie (D:6)
  3 adders
  2 oozes
  A worm (D:3)
  4 dart slugs (D:1)
  7 orcs
  6 bats
  3 giant cockroaches
  2 hobgoblins
  6 jackals
  A ball python (D:1)
  2 frilled lizards
  4 goblins
  3 kobolds (D:3)
  A quokka skeleton (D:4)
  5 rats
56 creatures vanquished.

Vanquished Creatures (collateral kills)
  An adder (D:3)
  2 worms
  A goblin (D:1)
  2 hobgoblins
  A frilled lizard (D:1)
7 creatures vanquished.

Grand Total: 63 creatures vanquished

Notes
Turn   | Place    | Note
-------+----------+-------------------------------------------
     0 | D:1      | tidbits the Demigod Transmuter began the quest for the Orb.
     0 | D:1      | Reached XP level 1. HP: 15/15 MP: 5/5
    49 | D:1      | Reached skill level 2 in Spellcasting
    49 | D:1      | Reached skill level 2 in Transmutations
   124 | D:1      | Reached skill level 3 in Unarmed Combat
   124 | D:1      | Reached XP level 2. HP: 12/22 MP: 7/7
   128 | D:1      | Learned a level 2 spell: Sticks to Snakes
   433 | D:1      | Reached XP level 3. HP: 9/27 MP: 6/8
   502 | D:1      | Learned a level 3 spell: Spider Form
   574 | D:2      | Found a runed door.
   580 | D:2      | Noticed Crazy Yiuf
   586 | D:2      | Killed Crazy Yiuf
   586 | D:2      | Reached skill level 4 in Unarmed Combat
   639 | D:3      | Reached XP level 4. HP: 33/34 MP: 5/9
   657 | D:3      | Found a hazy altar of Hepliaklqana.
   784 | D:3      | Noticed tidbits's ghost (weakling DgTm)
   792 | D:3      | Killed tidbits's ghost
   836 | D:3      | Reached skill level 5 in Unarmed Combat
   839 | D:3      | Reached XP level 5. HP: 33/39 MP: 1/10
   892 | D:3      | Found a shattered altar of Ashenzari.
  1234 | D:5      | Entered Level 5 of the Dungeon
  1297 | D:6      | Reached skill level 3 in Transmutations
  1324 | D:6      | Noticed an orc warrior
  1328 | D:6      | Noticed an ogre
  1368 | D:5      | Slain by an ogre

Skill      XL: |  1  2  3  4  5 |
---------------+----------------+-----
Spellcasting   | 2 |  2.0
Transmutations | 2 3 |  3.0
Unarmed Combat | 3 4 5 |  5.6
Fighting       | |  0.8
Dodging        | |  1.7

Action                   |  1- 3 |  4- 6 || total
-------------------------+-------+-------++-------
Melee: Unarmed           |    62 |    84 ||   146
       Kick              |     6 |     2 ||     8
       Headbutt          |     4 |       ||     4
Throw: Javelin           |       |     2 ||     2
 Cast: Beastly Appendage |    15 |     1 ||    16
       Sticks to Snakes  |     6 |     4 ||    10
       Spider Form       |     3 |    11 ||    14
  Use: Scroll            |     4 |       ||     4
       Potion            |       |     1 ||     1
 Stab: Sleeping          |     2 |     2 ||     4
  Eat: Chunk             |       |     5 ||     5
Armor: Robe              |     7 |     7 ||    14
       Skin              |     1 |     7 ||     8
Dodge: Dodged            |    27 |    75 ||   102

Table legend:
 A = Turns spent in this place as a percentage of turns spent in the entire game.
 B = Non-inter-level travel turns spent in this place as a percentage of non-inter-level travel turns spent in the entire game.
 C = Inter-level travel turns spent in this place as a percentage of turns spent in this place.
 D = Turns resting spent in this place as a percentage of non-inter-level travel turns spent in this place.
 E = Turns spent auto-exploring this place as a percentage of non-inter-level travel turns spent in this place.
 F = Non-inter-level travel turns spent in this place divided by the number of levels of this place that you've seen.
                   A       B       C       D       E      F
               +-------+-------+-------+-------+-------+----------------------
         Total | 100.0 | 100.0 |   0.1 |   0.2 |   0.0 | 218.2
       Dungeon | 100.0 | 100.0 |   0.1 |   0.2 |   0.0 | 218.2
               +-------+-------+-------+-------+-------+----------------------

Table legend:
 A = Kills in this place as a percentage of kills in entire the game.
 B = Kills by you in this place as a percentage of kills by you in the entire game.
 C = Kills by friends in this place as a percentage of kills by friends in the entire game.
 D = Other kills in this place as a percentage of other kills in the entire game.
 E = Experience gained in this place as a percentage of experience gained in the entire game.
 F = Experience gained in this place divided by the number of levels of this place that you have seen.
                   A       B       C       D       E      F
               +-------+-------+-------+-------+-------+----------------------
         Total | 100.0 | 100.0 | 100.0 |  -nan | 100.0 |  69.3
       Dungeon | 100.0 | 100.0 | 100.0 |  -nan | 100.0 |  69.3
               +-------+-------+-------+-------+-------+----------------------

Vault maps used:
D:1:      minmay_arrival_hallway
D:2:      first_bread, kennysheep_boxes, uniq_crazy_yiuf_cottage
D:3:      marbit_many_paths, nicolae_ashenzari_panopticon
D:4:      lemuel_coloured_pillars_altar, okawaru_gym_becter, uniq_sigmund
D:5:      lemuel_crystal_altar, hangedman_decor_peaks_small
D:6:      dancing_weapons_uskayaw, basic_altar, uniq_edmund
